[Event "44th Chess Olympiad Open 2022"]
[Site "Chennai"]
[Date "2022.08.08"]
[Round "10.26"]
[White "Kobese, Watu"]
[Black "Blagojevic, Dragisa"]
[Result "1/2-1/2"]
[ECO "C54"]
[WhiteElo "2311"]
[BlackElo "2499"]
[Annotator "TA"]
[PlyCount "77"]
[EventDate "2022.07.29"]
[EventType "team-tourn"]
[EventCountry "IND"]
[SourceTitle "playchess.com"]
[Source "ChessBase"]
[SourceQuality "1"]
[WhiteTeam "South Africa"]
[BlackTeam "Montenegro"]
[WhiteTeamCountry "RSA"]
[BlackTeamCountry "MNE"]
[TimeControl "40/5400+30:1800+30"]

1. e4 e5 2. Nf3 Nc6 3. Bc4 Bc5 4. c3 Nf6 5. d4 exd4 6. b4 {[%emt 0:00:22] C54: Giuoco Piano: 4 c3 Nf6, main lines with 5 d4 and 5 d3.} Be7 7. e5 Ne4 8. b5 {[%emt 0:02:23] Black is slightly better.} Na5 9. Bd3 Nc5 10. cxd4 Nxd3+ 11. Qxd3 d6 12. Bd2 b6 {[%emt 0:03:35] [#]} 13. O-O $146 ({Predecessor:} 13. exd6 Qxd6 14. O-O O-O 15. Nc3 Bb7 16. Ne4 Qg6 17. Rfe1 Rfe8 18. Ne5 Bxe4 19. Rxe4 {0-1 (48) Buchholz,M (1720)-Doll,R (1803) Willingen 2021}) 13... O-O 14. Bxa5 bxa5 15. Qe4 Rb8 16. Nc3 Bb7 17. Qe3 Re8 18. Rfd1 Bf8 19. a4 Qd7 20. Qf4 h6 21. Ne4 a6 22. bxa6 Bxa6 23. Qxh6 $1 {[%emt 0:00:20] Threatens to win with Qg5.} Qf5 24. Qe3 Bb7 25. Ng3 Qe6 26. d5 (26. Ng5 $11 Qg6 27. Rac1) 26... Bxd5 $15 27. Ng5 Qxe5 28. Qxe5 Rxe5 29. f4 {[%emt 0:00:06] [#]} Rxg5 30. fxg5 Bb3 31. Rdc1 c5 $1 32. Ne4 Rb4 33. Re1 (33. Nd2 $15) 33... d5 $17 ({Much weaker is} 33... Rxa4 $6 34. Rxa4 Bxa4 35. Nc3 $11) ({Of course not} 33... Bxa4 $6 34. Nc3 Bc6 35. Rxa5 $15) 34. Nd2 (34. Nf2 $17 {is a better defense.}) 34... Bxa4 $19 {[%emt 0:00:31] And now ...c4 would win.} 35. Reb1 {[%emt 0:00:09] [#]} Bc2 {[%emt 0:02:22] This bishop pair is nice.} (35... Rxb1+ $1 $17 36. Rxb1 c4) 36. Rc1 $11 Ba4 ({Black should try} 36... Rb2 $11 37. Rxa5 Kh7) 37. Rcb1 $1 $17 {[%emt 0:00:08] [#]} Bc2 ({Black should play} 37... Rxb1+ $1 $17 38. Rxb1 c4) 38. Rc1 $15 Ba4 (38... Rb2 $15 39. Rxa5 Kh7) 39. Rcb1 $1 {[%emt 0:00:39] Weighted Error Value: White=0.14 (very precise) /Black=0.18 (very precise)} 1/2-1/2

[Event "44th Chess Olympiad Open 2022"]
[Site "Chennai"]
[Date "2022.08.08"]
[Round "10.26"]
[White "Barrish, Daniel"]
[Black "Djukic, Nikola"]
[Result "0-1"]
[ECO "E81"]
[WhiteElo "2283"]
[BlackElo "2526"]
[Annotator "TA"]
[PlyCount "68"]
[EventDate "2022.07.29"]
[EventType "team-tourn"]
[EventCountry "IND"]
[SourceTitle "playchess.com"]
[Source "ChessBase"]
[SourceQuality "1"]
[WhiteTeam "South Africa"]
[BlackTeam "Montenegro"]
[WhiteTeamCountry "RSA"]
[BlackTeamCountry "MNE"]
[TimeControl "40/5400+30:1800+30"]

1. d4 Nf6 2. c4 g6 3. Nc3 Bg7 4. e4 d6 5. f3 O-O 6. Be3 c5 7. Nge2 Nc6 8. d5 Ne5 9. Ng3 h5 {[%emt 0:00:52][%cal Bh7h5,Bh5h4][%mdl 32] aiming for ...h4.} 10. Be2 {[%emt 0:00:59] E81: King's Indian: Sämisch: 6th move deviations (including 6 Be3 c6).} h4 11. Nf1 e6 12. Bg5 {[%emt 0:01:25] White is slightly better.} exd5 13. Nxd5 Be6 {[%emt 0:00:19][%cal Ob7b5] [#]} 14. Nfe3 $146 {[%emt 0:01:45][%mdl 8192] [#]} (14. Bxh4 $16 {and life is bright.} Bxd5 15. cxd5) ({Predecessor:} 14. Bxh4 b5 15. Bxf6 Bxf6 16. cxb5 Bxd5 17. Qxd5 c4 18. f4 Rc8 19. fxe5 Bxe5 20. Bxc4 Bxb2 {1-0 (26) Lou,Y (2472)-Urazayev,A (2429) Tornelo INT 2021}) 14... Nxd5 $1 $19 15. Bxd8 Nxe3 16. Qb3 Nxg2+ 17. Kf2 {[%emt 0:03:31] And now Bg5 would win.} Nf4 18. Be7 Nxe2 {[%emt 0:00:28] Chess con chili.} 19. Bxf8 Rxf8 20. Qxb7 Nd4 (20... Bxc4 $2 21. b3 Bd3 22. Rhd1 $19) 21. b3 $2 (21. f4 Nd3+ 22. Ke3 Bxc4 23. Rad1 Nxb2 24. Rd2 (24. Qxb2 $2 Nf5+ 25. exf5 Bxb2 $19)) 21... f5 ({Weaker is} 21... Nd3+ 22. Ke3 Ne5 23. f4 $19) 22. exf5 Bxf5 {[%emt 0:01:19] Threatens to win with ...Nd3+.} 23. Rhf1 Nexf3 24. Qd5+ Be6 {[%emt 0:04:16] A strong pair of Bishops.} 25. Qxd6 Nd2+ {[%emt 0:04:28][%mdl 64] Discovered Attack} ({Avoid the trap} 25... Nxh2+ $2 26. Kg1 Nxf1 27. Rxf1 $19) 26. Kg1 Nxf1 27. Re1 Bh3 28. Qd5+ Kh8 {[%emt 0:00:53][%cal Of1e3] ( -> ...Ne3!)} 29. Re4 {[%emt 0:03:34] Against Ne3} Nf3+ 30. Kh1 N1d2 31. Re3 Bg4 32. h3 Nf1 33. hxg4 Nxe3 34. Qxc5 Nd4 {[%emt 0:01:10] White got outplayed after the opening.  Weighted Error Value: White=1.39/Black=0.26 (precise)} 0-1

[Event "44th Chess Olympiad Open 2022"]
[Site "Chennai"]
[Date "2022.08.08"]
[Round "10.27"]
[White "Borisek, Jure"]
[Black "Olson, Hamish"]
[Result "1-0"]
[ECO "C90"]
[WhiteElo "2577"]
[BlackElo "2343"]
[Annotator "TA"]
[PlyCount "65"]
[EventDate "2022.07.29"]
[EventType "team-tourn"]
[EventCountry "IND"]
[SourceTitle "playchess.com"]
[Source "ChessBase"]
[SourceQuality "1"]
[WhiteTeam "Slovenia"]
[BlackTeam "Scotland"]
[WhiteTeamCountry "SLO"]
[BlackTeamCountry "SCO"]
[TimeControl "40/5400+30:1800+30"]

1. e4 e5 2. Nf3 Nc6 3. Bb5 a6 4. Ba4 Nf6 5. O-O Be7 6. Re1 b5 7. Bb3 O-O 8. a4 b4 9. a5 {[%emt 0:00:51] 9.d4 is a critical line.} d6 10. c3 bxc3 {[%emt 0:05:11] C90: Closed Ruy Lopez with 7...d6: Early deviations.} 11. dxc3 h6 {[%emt 0:07:43] [#]} 12. Nbd2 $146 ({Predecessor:} 12. Bc4 Bg4 13. Nbd2 Qc8 14. h3 Bh5 15. Qa4 Nd8 16. Nh4 Ne6 17. Nf5 Bd8 18. Qc6 Nf4 19. Nf1 Kh7 20. Bxf4 exf4 21. e5 Qxf5 22. Rad1 Rb8 23. Bd3 {1-0 (23) Czubak,M (1989)-Langer,R (1807) Germany 2014}) 12... Nh7 {[%emt 0:01:24] White has an edge.} 13. Nf1 Ng5 14. Bd5 Bd7 15. Ng3 Nxf3+ 16. Qxf3 Bg5 17. b4 Bxc1 18. Raxc1 g6 19. Qe2 Kg7 20. Rf1 {[%emt 0:01:14] 0x0.00198b1c3a0bdp-1022s more active pieces.} Qb8 21. Kh1 Qa7 22. h4 Rae8 23. h5 Nd8 {[%emt 0:04:51] [#]} 24. f4 $1 exf4 25. Rxf4 {[%emt 0:00:20] Hoping for Rcf1.} Be6 {[%emt 0:02:58] [#] And now ...Bxd5 would win.} 26. Rd1 ({Better is} 26. Qf3 $1 $18) 26... Bxd5 $16 27. Rxd5 {[%emt 0:00:04] aiming for Qg4.} Ne6 28. Rf1 {[%emt 0:00:06] Strongly threatening Qg4.} c6 $2 {[%emt 0:01:13][%mdl 8192] A mistake that costs the game.} (28... Ng5 $16) 29. Rxd6 $18 Qe7 30. Qg4 {[%emt 0:00:04] Threatens to win with Nf5+.} Ng5 $2 (30... Qg5 31. Qf3 Rc8) 31. Rxc6 {[%emt 0:01:44] White is clearly winning.} Rd8 32. Qf4 {[%emt 0:01:29] Against Rd6} Ne6 33. Qe5+ {[%emt 0:00:22] Weighted Error Value: White=0.22 (precise) /Black=0.31} 1-0

[Event "44th Chess Olympiad Open 2022"]
[Site "Chennai"]
[Date "2022.08.08"]
[Round "10.27"]
[White "Sebenik, Matej"]
[Black "Greet, Andrew N"]
[Result "1/2-1/2"]
[ECO "A90"]
[WhiteElo "2512"]
[BlackElo "2392"]
[Annotator "TA"]
[PlyCount "135"]
[EventDate "2022.07.29"]
[EventType "team-tourn"]
[EventCountry "IND"]
[SourceTitle "playchess.com"]
[Source "ChessBase"]
[SourceQuality "1"]
[WhiteTeam "Slovenia"]
[BlackTeam "Scotland"]
[WhiteTeamCountry "SLO"]
[BlackTeamCountry "SCO"]
[TimeControl "40/5400+30:1800+30"]

1. d4 e6 2. c4 f5 3. g3 Nf6 4. Bg2 d5 5. Nh3 Bd6 6. O-O {[%emt 0:00:57] A90: Dutch Defence: Miscellaneous and Modern Stonewall (with ...Bd6).} O-O 7. Nd2 Nc6 8. Nf3 {[%emt 0:01:08] White is slightly better.} dxc4 9. Qa4 Nb4 10. Qb5 Bd7 11. Qxc4 Qe8 {[%emt 0:00:38] [#]} 12. Bf4 $146 {[%emt 0:13:49] Hoping for Bxd6.} ({Predecessor:} 12. Nf4 Bb5 13. Qb3 Nbd5 14. Ne5 Ba4 15. Qd3 Bb5 16. Qb3 Ba4 17. Qf3 Bb5 18. Nfd3 {1-0 (42) Goganov,A (2586)-Smirnov,A (2390) St Petersburg 2017}) 12... Bb5 13. Qb3 {[%emt 0:01:48] Bxd6 is the strong threat.} Ba4 14. Qc3 (14. Qc4 $5 Bb5 15. Qb3 $15) 14... Nbd5 15. Qc1 Nxf4 16. Nxf4 Bc6 17. Ng5 Bxf4 (17... Bd5 $5) 18. Qxf4 Bxg2 19. Kxg2 h6 20. Nf3 Nd5 21. Qd2 f4 22. Qd3 a6 23. Rac1 Rf6 24. Ne5 Rd8 25. a3 Rf5 26. Qb3 Qb5 27. Qxb5 axb5 28. Nd3 g5 {[%emt 0:07:57] [#]} (28... c6 $11 {keeps the balance.}) 29. Nc5 (29. gxf4 $1 $16 gxf4 30. Kf3) 29... b6 $1 $11 30. Nd3 Ra8 31. Rfe1 Raf8 (31... Ra4 $14) 32. Kg1 h5 33. Rc6 R5f6 34. e4 fxe3 35. fxe3 Rc8 36. Ne5 Ne7 37. Nd7 {[%emt 0:00:53] White is more active.} ({White should try} 37. Rc3 $16) 37... Nxc6 38. Nxf6+ {[%emt 0:00:03][%mdl 4096] Endgame KRN-KRN} Kf7 39. Nxh5 Na5 40. g4 Nc4 41. Re2 Rd8 42. Ng3 Kg6 43. Kf2 c5 (43... e5 $14) 44. h3 Rh8 45. Kg2 Rd8 {[%emt 0:09:39] [#]} 46. Ne4 (46. dxc5 $1 $16 bxc5 47. Ne4) 46... cxd4 47. exd4 Rxd4 48. Nc3 e5 49. Nxb5 Rd3 {[%emt 0:00:00] The position is equal.} 50. Nc3 Nxb2 {[%emt 0:00:00][%mdl 64] Remove Defender} 51. Rxb2 Rxc3 52. Rxb6+ {[%emt 0:00:05] KR-KR} Kf7 53. Ra6 e4 54. a4 Rc2+ 55. Kg3 Rc3+ 56. Kf2 Rxh3 57. Ra5 Ra3 58. Rf5+ Kg6 59. a5 Rb3 60. Rc5 Ra3 61. Rc6+ $1 Kg7 62. a6 Kf7 63. Ke2 Kg7 64. Kd2 Kf7 65. Kc2 e3 66. Kd1 Ra2 67. Ke1 Kg7 68. Rb6 {[%emt 0:00:19] Weighted Error Value: White=0.12 (very precise) /Black=0.07 (flawless)} 1/2-1/2

[Event "44th Chess Olympiad Open 2022"]
[Site "Chennai"]
[Date "2022.08.08"]
[Round "10.27"]
[White "Gourlay, Iain"]
[Black "Subelj, Jan"]
[Result "0-1"]
[ECO "D11"]
[WhiteElo "2321"]
[BlackElo "2498"]
[Annotator "TA"]
[PlyCount "94"]
[EventDate "2022.07.29"]
[EventType "team-tourn"]
[EventCountry "IND"]
[SourceTitle "playchess.com"]
[Source "ChessBase"]
[SourceQuality "1"]
[WhiteTeam "Scotland"]
[BlackTeam "Slovenia"]
[WhiteTeamCountry "SCO"]
[BlackTeamCountry "SLO"]
[TimeControl "40/5400+30:1800+30"]

1. d4 d5 2. Nf3 Nf6 3. g3 Bf5 4. Bg2 e6 5. c4 c6 6. Nc3 h6 7. Qb3 {[%emt 0:00:43] Nowadays more popular than 7.0-0. D11: Slav Defence: 3 Nf3 sidelines and 3...Nf6 4 e3 Bg4.} Qb6 8. c5 Qc7 9. Bf4 {[%emt 0:04:59] The position is equal.} Qc8 10. Nd2 Be7 11. e4 Bh7 12. O-O O-O $1 13. Rfe1 Rd8 14. Rad1 {[%emt 0:03:35] [#]} b6 $146 ({Predecessor:} 14... Nbd7 15. exd5 Nxd5 16. Nxd5 cxd5 17. Rc1 Bf6 18. Qc3 a5 19. Nf1 Qc6 20. Ne3 Qa4 {1-0 (40) Rakhmanov,A (2627)-Usmanov,V (2477) Yaroslavl 2018}) 15. cxb6 axb6 16. Qxb6 g5 17. Be3 (17. Qc7 $15 Nbd7 18. Qxc8 Rdxc8 19. Be3 (19. Be5 Nxe5 20. dxe5 Nd7 $15)) 17... Na6 $1 $17 {[%emt 0:00:44][%mdl 1024] Black has strong compensation.} 18. Qb3 Rb8 19. Qc2 Nb4 $1 20. Qb1 {[%emt 0:01:38] [#]} c5 $1 {[%emt 0:00:33][%cal Oe6e5,Bc6c5,Bc5c4][%mdl 32] Black is more active.} 21. Nb3 (21. a4 $142) 21... c4 $36 {[%emt 0:12:23][%mdl 2048] White is under strong pressure.} 22. Nc1 Qb7 (22... dxe4 $19 23. a3 Nd3 24. Nxd3 exd3) 23. f4 $2 {[%emt 0:09:12] This costs White the game.} (23. a3 $17 Nd3 24. Nxd3 cxd3 25. Qxd3) 23... Nxe4 $19 24. Nxe4 Bxe4 ({Not} 24... dxe4 25. fxg5 hxg5 26. Ne2 $19) 25. Bxe4 dxe4 26. fxg5 hxg5 27. a3 {[%emt 0:01:50] [#]} Nd3 28. Nxd3 cxd3 ({Wrong is} 28... exd3 $2 29. Qc1 $19) 29. b4 Bf6 30. Qb2 Qd5 31. Rf1 Bg7 {[%emt 0:02:00] Threatens to win with ...f5.} 32. Rc1 $2 (32. g4 {was worth a try.}) 32... Bxd4 33. Bxd4 Qxd4+ 34. Qxd4 Rxd4 {[%emt 0:00:07][%mdl 4096] Endgame KRR-KRR} 35. Kf2 d2 36. Ra1 Rbd8 37. Ke2 (37. Rfd1 {was the only defense.}) 37... f5 {[%emt 0:00:06][%cal Of5f4] aiming for ...f4!} 38. Rad1 Rd3 39. a4 R3d4 40. Rb1 $2 (40. a5 Rxb4 41. Ra1) 40... f4 41. gxf4 gxf4 42. Rfd1 Rd3 {[%emt 0:00:23] ( -> ...f3+)} 43. b5 f3+ {[%emt 0:00:06] Black mates.} 44. Kf2 Rf8 45. Rg1+ Kh8 46. b6 e3+ 47. Kg3 f2 {[%emt 0:00:07] Weighted Error Value: White=0.64/Black=0.08 (flawless)} 0-1

[Event "44th Chess Olympiad Open 2022"]
[Site "Chennai"]
[Date "2022.08.08"]
[Round "10.28"]
[White "Henriquez Villagra, Cristobal"]
[Black "Khusenkhojaev, Muhammad"]
[Result "1-0"]
[ECO "A34"]
[WhiteElo "2620"]
[BlackElo "2397"]
[Annotator "TA"]
[PlyCount "65"]
[EventDate "2022.07.29"]
[EventType "team-tourn"]
[EventCountry "IND"]
[SourceTitle "playchess.com"]
[Source "ChessBase"]
[SourceQuality "1"]
[WhiteTeam "Chile"]
[BlackTeam "Tajikistan"]
[WhiteTeamCountry "CHI"]
[BlackTeamCountry "TJK"]
[TimeControl "40/5400+30:1800+30"]

1. c4 Nf6 2. Nc3 d5 3. cxd5 Nxd5 4. Nf3 c5 5. e4 Nxc3 6. dxc3 Qxd1+ 7. Kxd1 Nc6 8. Kc2 {[%emt 0:03:47] A34: Symmetrical English: 2 Nc3, lines with ...d5.} e6 9. a4 {[%emt 0:12:19] [#]} Bd6 $146 ({Predecessor:} 9... Bd7 10. Be3 Be7 11. Be2 O-O 12. Rhd1 Rfd8 13. a5 Rac8 14. b3 Be8 15. Rxd8 Rxd8 {½-½ (52) Banusz,T (2451)-Varadi,V (2381) Hungary 2006}) 10. Bb5 {[%emt 0:00:29] White is slightly better.} e5 (10... Bd7 $14) 11. Be3 f6 (11... Ke7 $1 $14) 12. Rhd1 $16 Be7 {[%emt 0:00:43] [#]} 13. Nd2 $1 $36 {[%emt 0:07:28][%mdl 2048] Keeping Black busy. 0x0.001eba0ac49ddp-1022s more active pieces.} Bd7 14. Nb3 a6 15. Be2 b6 16. a5 bxa5 (16... c4 $142) 17. Nxc5 Bxc5 18. Bxc5 a4 (18... Nd8 $142 19. Be3 (19. Rxa5 Nb7 $14) 19... Bc6) 19. Rd6 $18 {[%emt 0:03:17] And now Rad1 would win.} Na5 $2 (19... Nd8 20. Rb6 (20. Rxa6 Rxa6 21. Bxa6 Ne6 $18) (20. Bxa6 Bc6 $18) 20... Rc8) 20. Rad1 Bc6 21. f3 (21. Bh5+ $18 {is the precise move to win.} g6 22. Bf3) 21... Kf7 $16 22. Bb4 {[%emt 0:00:05] A strong pair of Bishops.} Bb5 23. Bxb5 ({Don't do} 23. Bxa5 $6 Bxe2 24. Ra1 Bb5 $14) 23... axb5 24. Bxa5 Rxa5 {[%emt 0:00:00][%mdl 4096] Endgame KRR-KRR} 25. Rd7+ Kg6 26. Rb7 Kh6 (26... h5 $16 {keeps fighting.} 27. Rdd7 Rg8) 27. Kb1 $18 g6 28. Ka2 f5 29. exf5 gxf5 $2 {[%emt 0:00:04] [#]} (29... Ra6 $18 30. Rxb5 gxf5 31. Rxe5 Kg6) 30. Rd6+ $1 {[%emt 0:00:00] White mates.} Kg5 31. g3 a3 32. Rg7+ Kh5 33. g4+ {[%emt 0:00:00] Weighted Error Value: White=0.10 (very precise) /Black=0.57} 1-0

[Event "44th Chess Olympiad Open 2022"]
[Site "Chennai"]
[Date "2022.08.08"]
[Round "10.28"]
[White "Salinas Herrera, Pablo"]
[Black "Sharifov, Mekhriddin"]
[Result "0-1"]
[ECO "B51"]
[WhiteElo "2526"]
[BlackElo "2097"]
[Annotator "TA"]
[PlyCount "120"]
[EventDate "2022.07.29"]
[EventType "team-tourn"]
[EventCountry "IND"]
[SourceTitle "playchess.com"]
[Source "ChessBase"]
[SourceQuality "1"]
[WhiteTeam "Chile"]
[BlackTeam "Tajikistan"]
[WhiteTeamCountry "CHI"]
[BlackTeamCountry "TJK"]
[TimeControl "40/5400+30:1800+30"]

1. e4 c5 2. Nf3 d6 3. Bb5+ Nd7 4. a4 Ngf6 5. Nc3 e6 6. O-O {[%emt 0:00:19] B51: Sicilian: Moscow Variation (3 Bb5+) without 3...Bd7.} a6 7. Be2 b6 8. d4 {[%emt 0:00:05] The position is equal.} cxd4 9. Qxd4 Be7 10. Rd1 Qc7 11. Nd2 O-O 12. Nc4 Rd8 13. Be3 {[%emt 0:17:47][%cal Rc4b6] [#]} (13. Nxd6 e5 14. Qd2 Nc5 $11) 13... e5 $146 (13... Bb7 $14) ({Predecessor:} 13... Rb8 14. f3 Ne8 15. Bf2 Bf6 16. Qe3 Be5 17. f4 Bf6 18. Rd2 Be7 19. Kh1 Nc5 {½-½ (95) Filip,A (2232)-David,A (2427) Targu Mures 2022}) 14. Qd2 $16 Nc5 {[%emt 0:00:48] [#]} 15. f3 (15. b4 $142 $1 Ncxe4 16. Nxe4 (16. Bxb6 Nxd2 17. Bxc7 Rd7 $16) 16... Nxe4 17. Qd3 (17. Bxb6 Qb7 $16)) 15... Be6 16. Nd5 $1 Bxd5 17. exd5 a5 18. Ra3 Nh5 19. c3 f5 20. Qc2 Rf8 21. b4 Nd7 22. bxa5 bxa5 23. Rb3 Bh4 (23... g6 $14) 24. Rdb1 f4 $2 (24... Nf4 $16) 25. Rb7 $18 Qd8 26. Bc1 Nc5 27. R7b6 Bg3 28. h3 $2 (28. Rxd6 Qh4 29. h3 (29. hxg3 fxg3 30. Be3 Nf4 $19) 29... Bf2+ 30. Kh2 Qg3+ 31. Kh1 e4 $11) (28. hxg3 $18 {is the precise move to win.} fxg3 29. Ne3 (29. Rxd6 $2 Qh4 $19)) 28... Qh4 $16 29. Bd1 $2 (29. Rxd6 Bf2+ 30. Kh2 Ng3 $11) (29. Nxd6 $14 Bf2+ 30. Kh2) 29... e4 {[%emt 0:01:39] White must now prevent ...Nd3.} 30. fxe4 {[%emt 0:00:06] [#]} Nxe4 $1 31. Qxe4 {[%emt 0:10:15] Hoping for Bxh5.} Rae8 32. Qxe8 Rxe8 33. Rb8 {[%emt 0:00:05] [#]} Bf2+ $2 (33... Qe7 $1 $19 34. Rxe8+ Qxe8) 34. Kh2 {[%emt 0:00:06] [#]} (34. Kf1 $17 Nf6 35. Rxe8+ (35. Nxd6 $2 Ba7 $19) 35... Nxe8 36. Bf3 (36. Rb8 $2 Kf7 $19)) 34... Qe7 $1 $40 {[%emt 0:00:00][%mdl 128] ( -> ...Bg3+). White is in trouble. The board is on fire.} 35. Bd2 (35. Rxe8+ Qxe8) 35... Ng3 ({Don't go for} 35... Bg3+ $2 36. Kh1 Nf6 37. Nxa5 $19) ({Better is} 35... Nf6 $19 {aiming for ...Qc7.} 36. Kh1 (36. Rxe8+ $2 Nxe8 37. Bf3 Qc7 $19) 36... Bg3 37. Nxa5 Qe4) 36. Rxe8+ $2 (36. Bxf4 $11 Nf1+ 37. Kh1 Ng3+ 38. Kh2 Nf1+ 39. Kh1 Ng3+ 40. Kh2) 36... Qxe8 37. Bg4 $2 (37. Nxd6 {was the crucial defense.} Qf8 38. Nc4) 37... h5 38. Be6+ Kh7 39. Bxf4 Qg6 40. Nd2 (40. Rb2 $142 Nf1+ 41. Kh1) 40... Ne2 41. Bxd6 (41. g4 hxg4 42. hxg4 Bg3+ 43. Kg2 (43. Bxg3 $2 Qh6+ 44. Kg2 Qxd2 $19) 43... Nxf4+ 44. Kxg3 Nxe6 45. Rh1+ Kg8 46. dxe6) 41... Bg3+ 42. Bxg3 Qxg3+ 43. Kh1 Qd3 44. d6 Qxd2 45. d7 Kg6 {[%emt 0:00:00] Threatens to win with ...Nf4.} 46. c4 Kf6 47. Bd5 Ke7 48. Bc6 Nd4 49. Bd5 Kxd7 50. c5 Qc3 51. Rd1 Qxc5 52. Bf3 g6 53. Be4 g5 54. Bf3 h4 55. Bg4+ Kd6 56. Rf1 Qc4 57. Rf6+ Ke5 58. Rg6 Kf4 59. Kh2 Qxa4 60. Rf6+ Ke5 {[%emt 0:01:20] What a bad dream for White.  Weighted Error Value: White=0.74/Black=0.37} 0-1

[Event "44th Chess Olympiad Open 2022"]
[Site "Chennai"]
[Date "2022.08.08"]
[Round "10.28"]
[White "Khusenkhojaev, Mustafokhuja"]
[Black "Morovic Fernandez, Ivan"]
[Result "1/2-1/2"]
[ECO "E11"]
[WhiteElo "2238"]
[BlackElo "2489"]
[Annotator "TA"]
[PlyCount "56"]
[EventDate "2022.07.29"]
[EventType "team-tourn"]
[EventCountry "IND"]
[SourceTitle "playchess.com"]
[Source "ChessBase"]
[SourceQuality "1"]
[WhiteTeam "Tajikistan"]
[BlackTeam "Chile"]
[WhiteTeamCountry "TJK"]
[BlackTeamCountry "CHI"]
[TimeControl "40/5400+30:1800+30"]

1. d4 Nf6 2. Nf3 d5 3. c4 e6 4. g3 Bb4+ 5. Bd2 Be7 6. Bg2 O-O 7. Qc2 c6 8. O-O b6 9. Rd1 $1 {[%emt 0:13:38] 9.Rd1 is better than 9.Bf4. E11: Bogo-Indian.} Ba6 10. Ne5 {[%emt 0:00:00] has lost popularity (10.b3).} Nfd7 11. cxd5 {[%emt 0:03:22] White has an edge.} cxd5 12. e4 Nxe5 13. exd5 ({Much worse is} 13. dxe5 d4 14. b4 Qd7 $15) 13... Be2 {[%emt 0:00:28] [#] Strongly threatening ...Nf3+.} (13... exd5 14. dxe5 Be2 15. Nc3 Bxd1 16. Rxd1 $16) 14. dxe5 Bxd1 15. Qxd1 {[%emt 0:00:06] d6 is the strong threat.} exd5 16. Nc3 Nc6 17. Nxd5 {[%emt 0:00:18] Black must now prevent Bc3.} Nxe5 18. Nxe7+ {[%emt 0:00:06] The position is equal.} (18. Bc3 {feels hotter.} Bd6 19. f4 Ng6 20. f5) 18... Qxe7 19. Bxa8 Rxa8 20. Bc3 {[%emt 0:00:18] [#] aiming for Qd5.} Rd8 {[%emt 0:23:36] Inhibits Qd5.} 21. Qe2 (21. Qh5 {is more complex.} Nd3 22. Rd1 f6 23. Qg4) 21... Ng6 {[%emt 0:01:19] [#]} 22. Qf3 $146 ({Predecessor:} 22. Qxe7) 22... Qd7 23. Re1 f6 24. h4 Qd5 25. Qg4 Qd7 26. Qf3 Qd5 27. Qg4 Qd7 28. Qf3 Qd5 {[%emt 0:02:28] Weighted Error Value: White=0.04 (flawless) /Black=0.03 (flawless)} 1/2-1/2

[Event "44th Chess Olympiad Open 2022"]
[Site "Chennai"]
[Date "2022.08.08"]
[Round "10.29"]
[White "Makoto, Rodwell"]
[Black "Batsuren, Dambasuren"]
[Result "0-1"]
[ECO "E01"]
[WhiteElo "2346"]
[BlackElo "2518"]
[Annotator "TA"]
[PlyCount "78"]
[EventDate "2022.07.29"]
[EventType "team-tourn"]
[EventCountry "IND"]
[SourceTitle "playchess.com"]
[Source "ChessBase"]
[SourceQuality "1"]
[WhiteTeam "Zimbabwe"]
[BlackTeam "Mongolia"]
[WhiteTeamCountry "ZIM"]
[BlackTeamCountry "MGL"]
[TimeControl "40/5400+30:1800+30"]

1. Nf3 Nf6 2. c4 e6 3. g3 d5 4. d4 dxc4 5. Qa4+ Nc6 6. Qxc4 {[%emt 0:01:15] E01: Catalan: Early deviations.} (6. Bg2 {with more complications.} Bb4+ 7. Bd2 Nd5 8. Bxb4 Ndxb4 9. O-O) 6... Qd5 7. Qxd5 exd5 8. Bg2 {[%emt 0:01:41] The position is equal.} Nb4 {[%emt 0:02:35] [#] And now ...Nc2+ would win.} 9. Na3 {[%emt 0:00:34] Prevents Nc2+.} c6 {[%emt 0:01:00] Inhibits Nb5.} 10. O-O Be7 11. Bd2 a5 12. Rfc1 Bf5 {[%emt 0:00:29] [#]} 13. Ne1 $146 ({Predecessor:} 13. Nh4 Bg4 14. f3 Be6 15. Bf1 Kd7 16. Nb1 a4 17. a3 Na6 18. Nc3 Nc7 19. Ng2 {½-½ (51) Ibrayev,N (2468)-Laznicka,V (2594) Pardubice 2007}) 13... Ne4 14. Bxb4 Bxb4 15. Nac2 Bd2 16. Rd1 {[%emt 0:01:16] Bxe4 is the strong threat.} Bh6 17. Nd3 Nd6 18. Nce1 O-O 19. e3 Rfe8 20. Nc5 a4 21. h3 g6 22. g4 Bc8 23. Nf3 Bg7 24. b3 a3 25. Rac1 h6 (25... f5 $15) 26. Ne5 (26. Bf1 $11) 26... g5 (26... Bxe5 $17 27. dxe5 Rxe5) 27. Rc2 (27. Ned7 $11) 27... Re7 (27... Bxe5 $17 28. dxe5 Rxe5) 28. Bf3 (28. Ncd3 $11 {keeps the balance.}) 28... Bxe5 $17 29. dxe5 Rxe5 30. e4 ({Only move:} 30. b4) 30... dxe4 31. Rxd6 (31. Bg2 $17 Rd5 32. Rcc1) 31... exf3 $19 32. Rd8+ Kg7 33. Rc3 $2 (33. Nd3 Rd5 34. Rxd5 cxd5 35. Nb4) 33... Re2 34. Rxf3 {[%emt 0:01:16] [#]} Bxg4 $1 35. Rxf7+ Kxf7 36. Rxa8 {[%emt 0:00:03] KRB-KRN} Bf3 ({Wrong is} 36... Bxh3 $2 37. Rxa3 b6 38. Na4 $19) ({Not} 36... Rxa2 37. hxg4 b5 38. Kf1 $14) 37. Rxa3 Re1+ 38. Kh2 h5 {[%emt 0:02:39] ( -> ...h4)} 39. b4 $2 (39. Nd3 {is tougher.} Rh1+ 40. Kg3) 39... Rh1+ {[%emt 0:00:50] Weighted Error Value: White=0.44/Black=0.21 (precise)} 0-1